 Dungeon Crawl Stone Soup version 0.17.0-28-g6e173f8 (webtiles) character file.

135 HandofTrog the Magician (level 4, -4/18 HPs)
             Began as a Felid Enchanter on Dec 2, 2015.
             Was an Initiate of Kikubaaqudgha.
             Killed from afar by Blork the orc (9 damage)
             ... with a puff of flame
             ... on level 5 of the Dungeon.
             The game lasted 00:34:17 (5537 turns).

HandofTrog the Magician (Felid Enchanter)           Turns: 5537, Time: 00:34:18

Health: -4/18      AC:  1    Str:  4    XL:     4   Next: 97%
Magic:  5/12       EV: 18    Int: 17    God:    Kikubaaqudgha [......]
Gold:   149        SH:  0    Dex: 17    Spells: 4 memorised, 4 levels left
                                        Lives:  0   Deaths: 1

rFire  . . .     SeeInvis +       - Unarmed
rCold  . . .     Clarity  .     (armour unavailable)
rNeg   . . .     SustAt   .     (shield unavailable)
rPois  .         Gourm    .     (helmet unavailable)
rElec  .         Spirit   .     (cloak unavailable)
rCorr  .         Warding  .     (gloves unavailable)
rMut   .         Stasis   .     (boots unavailable)
MR     .....                    (no amulet)
Stlth  +++.......               (no ring)
                                (no ring)

@: quick, not resistant to hostile enchantments, fairly stealthy
A: no armour, no weapons or thrown items, claws 1, fangs 3, see invisible,
carnivore 3, speed 1, shaggy fur 1, slow metabolism 1, sharp paws
a: Renounce Religion


You were on level 5 of the Dungeon.
You worshipped Kikubaaqudgha.
Kikubaaqudgha was noncommittal.
You were not hungry.

You visited 2 branches of the dungeon, and saw 6 of its levels.

You collected 149 gold pieces.

Inventory:

Wands
 g - a wand of paralysis (15)
 k - a wand of heal wounds (0)
Scrolls
 c - 2 scrolls of fog
 i - a scroll of remove curse
Potions
 d - a potion of brilliance
 f - a potion of magic
 h - a potion of ambrosia
 j - a potion of curing
 l - 2 potions of degeneration
 m - a potion of flight {unknown}
 n - a potion of might {unknown}
 q - a potion of heal wounds {unknown}
Books
 a - a book of Maledictions

   Spells                             Type                      Level
   a - Corona                         Hexes                        1
   b - Ensorcelled Hibernation        Hexes/Ice                    2
   c - Confuse                        Hexes                        3
   d - Tukima's Dance                 Hexes                        3
   e - Dazzling Spray                 Conjuration/Hexes            3
Comestibles
 b - 2 meat rations
 o - a beef jerky


   Skills:
 - Level 2.6 Dodging
 - Level 4.2 Stealth
 - Level 1.4 Unarmed Combat
 + Level 5.3 Spellcasting
 - Level 4.4 Hexes


You had 4 spell levels left.
You knew the following spells:

 Your Spells              Type           Power        Failure   Level  Hunger
a - Corona                Hex            ###....      2%          1    None
b - Ensorcelled Hibernat  Hex/Ice        ##....       10%         2    #......
c - Confuse               Hex            ###.....     10%         3    ##.....
d - Tukima's Dance        Hex            ###.....     10%         3    ##.....


Dungeon Overview and Level Annotations

Branches:
Dungeon (5/15)             Temple (1/1) D:5

Altars:
Cheibriados
Dithmenos
Elyvilon
Fedhas
Gozag
Kikubaaqudgha
Makhleb
Nemelex Xobeh
Okawaru
Qazlal
Ru
Sif Muna
Trog
Vehumet
Xom
Yredelemnul
Zin
The Shining One

Annotations:
D:5 Blork the orc; DEFE's ghost, novice SpFi; Edmund


Innate Abilities, Weirdness & Mutations

You cannot wear armour.
You are incapable of wielding weapons or throwing items.
You have sharp claws.
You have razor-sharp teeth.
You have supernaturally acute eyesight.
You are carnivorous and can eat meat at any time.
You cover ground quickly.
You are covered in fur (AC +1).
You have a slow metabolism.
Your sharp claws are effective at attacking unaware monsters.


Message History

Blork the orc mumbles some strange words.
Blork the orc seems to speed up.
Casting: Confuse
Confirm with . or Enter, or press ? or * to list all spells.
Okay, then.
Blork the orc screams, "I'll drink your blood!
Soon!"
Blork the orc casts a spell.
Blork the orc flickers and vanishes for a moment.
Casting: Confuse
Confirm with . or Enter, or press ? or * to list all spells.
Aiming: Ensorcelled Hibernation
Press: ? - help, Shift-Dir - straight line, f/p - Blork the orc
Aim: Blork the orc, wielding a scimitar and wearing a robe (moderately wounded, fast, slightly transparent, chance to defeat MR: 42%)
The worker ant resists with some effort.
You are too injured to fight recklessly!
Blork the orc points at you and mumbles some strange words.
The puff of flame hits you!
Ouch! That really hurt!
You die...
Kikubaaqudgha rasps: "You have failed me!
Welcome... death!"

..............# #.......
####.#.#.....# #.......
#.#.###.#####....... ###.#
#.#.# #.....'....†§≈ ....
##.#.# ##.####....≈§≈ #.
#..##....####..#.....≈§≈§ #..
#..##..#<......'.....§§§>
.#..##.........###..#.....≈≈≈§
............#@.# #..#.###..≈§§
(...........#..###....##....≈≈
.#...........a.....#..##.#####
..............o...............
#..........#..###.##.##.##.##
#.#.#..###.#..........#.##.##
#.#.....................Y..
#..............###..#....##
##...###.#.###.# ####..§###


You could see Blork the orc (invisible) and a worker ant.

Vanquished Creatures
  A centaur skeleton (D:5)
  2 worker ants (D:5)
  7 adders
  An ooze (D:2)
  2 worms
  An adder skeleton (D:5)
  5 orcs
  3 bats
  A giant cockroach (D:4)
  3 hobgoblins
  3 quokkas
  4 ball pythons
  3 giant geckos
  3 giant newts
  6 goblins
  10 jackals
  11 kobolds
  5 rats
71 creatures vanquished.

Notes
Turn   | Place    | Note
--------------------------------------------------------------
     0 | D:1      | HandofTrog the Felid Enchanter began the quest for the Orb.
     0 | D:1      | Reached XP level 1. HP: 7/7 MP: 4/4
   733 | D:2      | Reached XP level 2. HP: 7/11 MP: 4/6
   742 | D:2      | Learned a level 2 spell: Ensorcelled Hibernation
  1214 | D:2      | Reached XP level 3. HP: 5/14 MP: 4/8
  1762 | D:2      | Learned a level 3 spell: Confuse
  2473 | D:3      | Reached XP level 4. HP: 18/18 MP: 1/10
  2479 | D:3      | Learned a level 3 spell: Tukima's Dance
  2699 | D:3      | Found a faded altar to an unknown god.
  4496 | D:5      | Entered Level 5 of the Dungeon
  4548 | D:5      | Found a shadowy altar of Dithmenos.
  4727 | D:5      | Reached XP level 5. HP: 15/21 MP: 7/13
  4784 | D:5      | Noticed DEFE's ghost (novice SpFi)
  5010 | D:5      | Noticed Edmund
  5010 | D:5      | Noticed Blork the orc
  5096 | D:5      | Killed from afar by an orc priest
  5097 | D:5      | Reached XP level 4. HP: -5/18 MP: 1/11
  5229 | D:5      | Found a staircase to the Ecumenical Temple.
  5236 | Temple   | Entered the Ecumenical Temple
  5337 | Temple   | Became a worshipper of Kikubaaqudgha
  5361 | D:5      | Reached skill level 5 in Spellcasting
  5485 | D:5      | Noticed an ice beast
  5537 | D:5      | Killed from afar by Blork the orc

Action                   |  1- 3 |  4- 6 || total
-------------------------+-------+-------++-------
Melee: Unarmed           |    77 |   109 ||   186
 Cast: Corona            |     7 |     1 ||     8
       Ensorcelled Hiber |    16 |    41 ||    57
       Confuse           |     7 |    16 ||    23
Evoke: Wand              |     1 |       ||     1
  Use: Scroll            |       |    11 ||    11
       Potion            |       |     2 ||     2
 Stab: Sleeping          |    19 |    30 ||    49
       Confused          |     2 |     5 ||     7
       Distracted        |     1 |       ||     1
  Eat: Chunk             |    10 |     6 ||    16
